 Dungeon Crawl Stone Soup version 0.30.1-11-g7821555f0a (webtiles) character file.

Game seed: 15629593288609514711

111 MacCMillion the Shield-Bearer (level 4, -1/38 HPs)
             Began as a Ghoul Fighter on Nov 10, 2023.
             Slain by a sky beast (6 damage)
             ... on level 4 of the Dungeon.
             The game lasted 00:03:20 (2880 turns).

MacCMillion the Shield-Bearer (Ghoul Fighter)       Turns: 2880, Time: 00:03:21

Health: -1/38      AC: 12    Str: 21    XL:     4   Next: 92%
Magic:  3/3        EV:  7    Int:  3    God:
Gold:   182        SH:  4    Dex:  8    Spells: 3/3 levels left

rFire   . . .        a - +0 war axe
rCold   + . .        c - +0 buckler
rNeg    + + +        h - +0 chain mail
rPois   ∞            p - +2 helmet
rElec   .            (no cloak)
rCorr   .            (no gloves)
SInv    .            (no boots)
Will    .....        (no amulet) Stlth
                     (no ring)
HPRegen 0.00/turn    (no ring)
MPRegen 0.08/turn

%: no passive effects
@: inhibited regen
A: claws 1, cold resistance 1, negative energy resistance 3, inhibited
regeneration, torment resistance 2, devour on kill
a: no special abilities


You were on level 4 of the Dungeon.
You visited 1 branch of the dungeon, and saw 4 of its levels.

You collected 182 gold pieces.

Inventory:

Hand Weapons
 a - a +0 war axe (weapon)
 r - a +0 dagger
 s - a +2 sling of electrocution
Armour
 c - a +0 buckler (worn)
 h - a +0 chain mail (worn)
 p - a +2 helmet (worn)
Wands
 q - a wand of iceblast (8)
Scrolls
 b - a scroll of noise {unknown}
 e - 4 scrolls of identify {unknown}
 f - a scroll of acquirement {unknown}
 g - a scroll of fear {unknown}
 k - 2 scrolls of fog {unknown}
 l - 2 scrolls of magic mapping {unknown}
 m - a scroll of blinking {unknown}
 o - a scroll of immolation {unknown}
Potions
 d - 2 potions of might
 i - 3 potions of heal wounds {unknown}
 j - 2 potions of cancellation {unknown}
 n - a potion of magic {unknown}


   Skills:
 - Level 3.2 Fighting
 + Level 3.3 Axes
 - Level 2.6 Armour
 - Level 4.0 Shields


You had 3 spell levels left.
You didn't know any spells.
Your spell library contained the following spells:

 Spells                   Type           Power      Damage    Failure   Level
 Portal Projectile        Hex/Tloc       0%         N/A       100%        3
 Tukima's Dance           Hex            0%         N/A       100%        3
 Vhi's Electric Charge    Tloc/Air       0%         N/A       100%        3
 Arcjolt                  Conj/Air       0%         1d10      100%        5
 Maxwell's Capacitive Co  Air            0%         ∞         100%        8
 Blade Hands              Tmut           Unusable   N/A       N/A         5

Dungeon Overview and Level Annotations

Branches:
Dungeon (4/15)
 Temple: D:4-7

Altars:

Annotations:
D:4 1 runed translucent door, Crazy Yiuf


Innate Abilities, Weirdness & Mutations

You are immune to poison.
You have sharp fingernails.
Your flesh is cold resistant. (rC+)
You are immune to negative energy. (rN+++)
You do not regenerate when monsters are visible.
You are immune to unholy pain and torment.
You thrive by killing the living.


Message History

Deactivating autopickup; reactivate with Ctrl-A.
Something hits you but does no damage.
You closely miss something.
A sky beast appears from thin air!
Reactivating autopickup.
The sky beast hits you but does no damage.
You barely miss the sky beast.
The sky beast is moderately wounded.
The sky beast closely misses you.
The sky beast flickers out of sight!
Deactivating autopickup; reactivate with Ctrl-A.
Something hits you but does no damage.
You hit something but do no damage.
A sky beast appears from thin air!
Reactivating autopickup.
The sky beast completely misses you.
You hit the sky beast but do no damage.
The sky beast is moderately wounded.
The sky beast flickers out of sight!
Deactivating autopickup; reactivate with Ctrl-A.
Something hits you but does no damage.
You hit something but do no damage. Something hits you but does no damage.
Something hits you. Something shocks you.
You slash something! Something hits you but does no damage.
You miss something. Something hits you. Something shocks you.
Something hits you but does no damage.
You barely miss something. Something hits you but does no damage.
You hit something. Something hits you but does no damage.
You miss something. Something hits you. Something shocks you.
Something hits you.
* * * LOW HITPOINT WARNING * * *
Something shocks you.
* * * LOW HITPOINT WARNING * * *
You hit something but do no damage. Something hits you but does no damage.
You closely miss something.
A sky beast appears from thin air!
Reactivating autopickup.
The sky beast hits you but does no damage.
You closely miss the sky beast.
The sky beast is severely wounded.
The sky beast barely misses you. The sky beast hits you.
* * * LOW HITPOINT WARNING * * *
The sky beast shocks you.
You die...

..# ...#
####... ..#..
.... #.. #Y#
#@# # ### #.#
# ##.## #.# #
##.#.###.#
####
#.###....#
...#
##.#.#####
##.# ##.##
##.########.#
##..........#


You could see a sky beast.

Vanquished Creatures
  3 adders
  2 dart slugs
  6 orcs (D:3)
  4 ball pythons
  5 bats
  3 endoplasms
  3 giant cockroaches
  16 goblins
  6 hobgoblins
  3 jackals
  4 quokkas
  A frilled lizard (D:1)
  3 kobolds
  5 rats
64 creatures vanquished.

Notes
Turn   | Place    | Note
-------+----------+-------------------------------------------
     0 | D:1      | MacCMillion the Ghoul Fighter began the quest for the Orb.
     0 | D:1      | Reached XP level 1. HP: 19/19 MP: 0/0
    84 | D:1      | Reached skill level 3 in Shields
    84 | D:1      | Reached XP level 2. HP: 16/26 MP: 1/1
   934 | D:2      | Reached XP level 3. HP: 31/31 MP: 2/2
  1554 | D:3      | Reached XP level 4. HP: 14/38 MP: 3/3
  2767 | D:4      | Found a runed translucent door.
  2768 | D:4      | Noticed Crazy Yiuf
  2861 | D:4      | Noticed a sky beast
  2865 | D:4      | Reached skill level 4 in Shields
  2880 | D:4      | Slain by a sky beast

Illustrated notes

Levels and vault maps discovered:
D:1:      lemuel_arrival_cross, layout_basic, minmay_ruptured
D:2:      layout_loops_ring
D:3:      cheibrodos_greedy_goblins, layout_loops_corners,
          kennysheep_generic_room_2
D:4:      layout_loops_ring, mainiacjoe_overflow_alcove_2,
          minmay_temple_entry_antechambers, chequers_hall_statues_y,
          uniq_crazy_yiuf_cottage

Skill      XL: |  1  2  3  4 |
---------------+-------------+-----
Axes           | 2 3 |  3.3
Shields        | 3 4 |  4.0
Fighting       | |  3.2
Armour         | |  2.6

Action                     |  1- 3 |  4- 6 || total
---------------------------+-------+-------++-------
  Melee: War axe           |   119 |   105 ||   224
 Armour: Scale mail        |    33 |       ||    33
         Chain mail        |    41 |    54 ||    95
  Dodge: Dodged            |    57 |    40 ||    97
  Block: Buckler           |    24 |     8 ||    32
